 Dungeon Crawl Stone Soup version 0.31-a0-806-g0bc164a743 (webtiles) character file.

Game seed: 3467726090846375610

646 Conn the Sneak (level 7, -10/35 (41) HPs)
             Began as an Octopode Fire Elementalist on Sept 21, 2023.
             Mangled by a wight
             ... wielding a +2 flail
              (12 damage)
             ... on level 4 of the Dungeon.
             The game lasted 00:13:43 (3480 turns).

Conn the Sneak (Octopode Fire Elementalist)         Turns: 3480, Time: 00:13:44

HP:   -10/35 (41)   AC:  1    Str:  5    XL:     7   Next: 52%
MP:   8/12          EV: 14    Int: 19    God:
Gold: 210           SH:  0    Dex: 12    Spells: 3/13 levels left

rFire   + + +        h - +10 dagger of Spores {venom, Fly rF++ rN+ Str-3}
rCold   x . .        (no shield)
rNeg    + . .        (helmet restricted)
rPois   .            (no amulet)
rElec   .            k - ring of fire
rCorr   .            (no ring)
SInv    .            (no ring)
Will    .....        (no ring)
Stlth   ++++         (no ring)
HPRegen 0.25/turn    (no ring)
MPRegen 0.13/turn    (no ring)
                     (no ring)

%: no passive effects
@: flying, very slightly contaminated, heavily drained
A: almost no armour, amphibious, 8 rings, camouflage 1, gelatinous body 1,
(nimble swimmer 1), tentacles
a: no special abilities


You were on level 4 of the Dungeon.
You visited 1 branch of the dungeon, and saw 4 of its levels.

You collected 210 gold pieces.

Inventory:

Hand Weapons
 f - a +0 dagger
 h - the +10 dagger of Spores (weapon) {venom, Fly rF++ rN+ Str-3}
   (You found it on level 3 of the Dungeon)

   Str-3:     It affects your strength (-3).
   rF++:      It greatly protects you from fire.
   rN+:       It protects you from negative energy.
   Fly:       It grants you flight.
Missiles
 d - 5 poisoned darts
Jewellery
 k - a ring of fire (left tentacle)
Scrolls
 b - 4 scrolls of identify {unknown}
 c - a scroll of acquirement {unknown}
 e - a scroll of poison {unknown}
 g - a scroll of enchant weapon {unknown}
 j - a scroll of immolation
 l - a scroll of teleportation {unknown}


   Skills:
 + Level 3.9 Dodging
 - Level 5.3 Stealth
 * Level 3.9 Spellcasting
 * Level 3.6 Conjurations
 + Level 4.5 Fire Magic


You had 3 spell levels left.
You knew the following spells:

 Your Spells              Type           Power      Damage    Failure   Level
a - Foxfire               Conj/Fire      100%       2x1d9     2%          1
b - Scorch                Fire           62%        2d7       3%          2
c - Inner Flame           Hex/Fire       18%        N/A       16%         3
d - Flame Wave            Conj/Fire      29%        2d9       26%         4

Your spell library contained the following spells:

 Spells                   Type           Power      Damage    Failure   Level
 Volatile Blastmotes      Fire/Tloc      36%        2d13      16%         3
 Poisonous Vapours        Pois/Air       6%         N/A       22%         2
 Mephitic Cloud           Conj/Pois/Air  8%         N/A       26%         3
 Freezing Cloud           Conj/Ice/Air   4%         6-21      93%         5
 Spellforged Servitor     Conj/Summ      5%         N/A       100%        7
 Summon Hydra             Summ           1%         N/A       100%        7


Dungeon Overview and Level Annotations

Branches:
Dungeon (4/15)
 Temple: D:4-7

Altars:
Ashenzari
Cheibriados
Trog

Shops:
D:3 [

Annotations:
D:3 3 runed translucent doors, Ijustatesigmund's ghost, amateur DEFE


Innate Abilities, Weirdness & Mutations

You cannot wear most types of armour.
You are amphibious.
You can wear up to eight rings at the same time.
Your skin changes colour to match your surroundings (Stealth+).
Your rubbery body absorbs attacks. (AC +1, EV +1)
((You are camouflaged when in or above water. (Stealth+)))
You have tentacles for arms and can constrict up to eight enemies at once.


Message History

Casting: Scorch (safe; 3% risk of failure)
Confirm with . or Enter, or press ? or * to list all spells.
Okay, then.
The goblin attacks as it pursues you! The goblin hits you with a +0 club.
Casting: Scorch (safe; 3% risk of failure)
Confirm with . or Enter, or press ? or * to list all spells.
Okay, then.
Unknown command.
Unknown command.
Unknown command.
Casting: Scorch (safe; 3% risk of failure)
Confirm with . or Enter, or press ? or * to list all spells.
Casting: Flame Wave (quite dangerous; 26% risk of failure)
Press: ? - help, Dir - look around, f - activate You feel a surge of power!
You miscast Flame Wave.
You are very lightly contaminated with residual magic.
The air around you crackles with energy.
The wight hits you with a +1 battleaxe! You partially resist.
You feel drained. The goblin closely misses you.
Okay, then.
Okay, then.
Unknown command.
Unknown command.
Unknown command.
Unknown command.
It was a potion of heal wounds.
You feel much better. The goblin misses you.
As you read the scroll labelled KIUFITZISTREN, it crumbles to dust.
The creatures around you are filled with an inner flame!
It was a scroll of immolation.
The wight misses you. The wight hits you with a +2 flail!
The goblin closely misses you. The wight hits you with a +1 battleaxe!
You partially resist.
You feel drained. The wight attacks as it pursues you!
The wight hits you with a +2 flail!
* * * LOW HITPOINT WARNING * * *
You partially resist.
You feel drained.
* * * LOW HITPOINT WARNING * * *
You aren't carrying any potions.
As you read the scroll labelled FEEXKUDEUM, it dissolves into smoke.
It was a scroll of fog.
The wight misses you. The wight hits you with a +2 flail!
You die...

... ... # .. #
..# .. .## ..##.
.... #..? .....
...#.[.####§.....
#..[.gz@§§.....
##...§z§§§..##.
###..§#§#.##
####### #


You could see 2 wights and a goblin (inner flame).

Vanquished Creatures
  A moth of wrath (D:3)
  3 wights
  An orc wizard (D:3)
  3 gnolls (D:3)
  2 worms (D:3)
  2 dart slugs (D:1)
  4 orcs (D:3)
  4 ball pythons
  7 endoplasms
  2 giant cockroaches (D:2)
  4 hobgoblins
  5 jackals
  3 quokkas
  5 bats
  A frilled lizard (D:2)
  4 goblins
  4 kobolds
  23 rats (D:3)
78 creatures vanquished.

Vanquished Creatures (others)
  166 foxfires
166 creatures vanquished.

Grand Total: 244 creatures vanquished

Notes
Turn   | Place    | Note
-------+----------+-------------------------------------------
     0 | D:1      | Conn the Octopode Fire Elementalist began the quest for the
                  | Orb.
     0 | D:1      | Reached XP level 1. HP: 11/11 MP: 3/3
   231 | D:1      | Reached XP level 2. HP: 17/17 MP: 0/5
   234 | D:1      | Learned a level 2 spell: Scorch
   303 | D:1      | Reached skill level 3 in Stealth
   914 | D:2      | Got a grimy book
  1022 | D:2      | Reached XP level 3. HP: 21/21 MP: 2/6
  1353 | D:2      | Found a faded altar of an unknown god.
  1728 | D:3      | Reached XP level 4. HP: 27/27 MP: 2/7
  1803 | D:3      | Noticed a moth of wrath
  1805 | D:3      | Found a bloodstained altar of Trog.
  2003 | D:3      | Found a snail-covered altar of Cheibriados.
  2023 | D:3      | Found a runed translucent gate.
  2024 | D:3      | Noticed Ijustatesigmund's ghost (amateur DEFE)
  2025 | D:3      | Found a runed translucent gate.
  2025 | D:3      | Found a runed translucent gate.
  2026 | D:3      | Identified the +7 spear "Alodeag" {heavy, Fragile rElec rN+
                  | MP+9}
  2026 | D:3      | Identified the +3 leather armour of Rozxev {rF+ rN+}
  2232 | D:3      | Found a broken altar of Ashenzari.
  2368 | D:3      | Found Zulisac's Armour Emporium.
  2377 | D:3      | Learned a level 3 spell: Inner Flame
  2609 | D:3      | Reached XP level 5. HP: 31/31 MP: 6/9
  2780 | D:3      | Killed a moth of wrath
  2781 | D:3      | Reached skill level 5 in Stealth
  2781 | D:3      | Reached XP level 6. HP: 36/36 MP: 0/11
  2781 | D:3      | Reached XP level 7. HP: 41/41 MP: 0/12
  2789 | D:3      | Identified the +10 dagger of Spores {venom, Fly rF++ rN+
                  | Str-3}
  3272 | D:3      | Learned a level 4 spell: Flame Wave
  3480 | D:4      | Mangled by a wight

Illustrated notes

Levels and vault maps discovered:
D:1:      reono_arrival_forest_river, layout_loops_ring
D:2:      layout_rooms, chequers_ecumenical_altar_lobes, minmay_tripent
D:3:      layout_loops_ring, tgw_trog, nicolae_ashenzari_skybound,
          mainiacjoe_overflow_small_starburst, serial_shops, shop,
          biasface_ghost_orc_armoury, minmay_rat_hole
D:4:      corexii_shantytown, layout_cave_pools, dk_rats_in_the_wall

Skill      XL: |  1  2  3  4  5 |
---------------+----------------+-----
Stealth        | 3 5 |  5.3
Conjurations   | 2 3 |  3.6
Dodging        | 3 |  3.9
Spellcasting   | 3 |  3.9
Fire Magic     | 4 |  4.5

Action                     |  1- 3 |  4- 6 |  7- 9 || total
---------------------------+-------+-------+-------++-------
  Melee: Unarmed           |     2 |       |       ||     2
         Constrict         |     6 |     3 |       ||     9
         Dagger            |    21 |    20 |     4 ||    45
         Tentacles         |     4 |     4 |       ||     8
         Punch             |       |     1 |       ||     1
   Cast: Foxfire           |    59 |    24 |    20 ||   103
         Scorch            |     3 |    17 |     1 ||    21
    Use: Potion            |       |     3 |     1 ||     4
         Scroll            |       |       |     2 ||     2
   Stab: Sleeping          |     5 |     3 |     2 ||    10
 Armour: Skin              |    15 |    20 |     9 ||    44
  Dodge: Dodged            |    22 |    15 |     6 ||    43

Table legend: (Time is in decaauts)
 A = Elapsed time spent in this place.
 B = Non-inter-level travel time spent in this place.
 C = Inter-level travel time spent in this place.
 D = Time resting spent in this place.
 E = Time spent auto-exploring this place.
 F = Levels seen in this place.
 G = Mean time per level.
                   A        B        C        D        E       F      G
               +--------+--------+--------+--------+--------+-----+--------+
         Total |   3479 |   3407 |     72 |    219 |   2422 |   4 |  869.8 |
       Dungeon |   3479 |   3407 |     72 |    219 |   2422 |   4 |  869.8 |
               +--------+--------+--------+--------+--------+-----+--------+

Top non-repeatable levels by time:
     D:3: 2075 daAuts
     D:1: 864 daAuts
     D:2: 519 daAuts
     D:4: 20 daAuts
